 Dungeon Crawl Stone Soup version 0.29.1-1-gd02db6906a (webtiles) character file.

Game seed: 3803855247341495927

1335 GeoRichter the Slicer (level 8, -3/46 HPs)
             Began as a Kobold Brigand on Oct 22, 2022.
             Was an Initiate of Gozag.
             Slain by an orc warrior
             ... wielding a +0 glaive
              (17 damage)
             ... on level 6 of the Dungeon.
             The game lasted 00:13:46 (7932 turns).

GeoRichter the Slicer (Kobold Brigand)              Turns: 7932, Time: 00:13:47

Health: -3/46      AC: 11    Str:  9    XL:     8   Next: 92%
Magic:  8/8        EV: 18    Int: 12    God:    Gozag
Gold:   292        SH:  5    Dex: 18    Spells: 7/7 levels left

rFire   . . .      SeeInvis .   a - +2 dagger
rCold   . . .      Faith    .   w - +0 buckler
rNeg    . . .      Spirit   .   b - +0 robe
rPois   .          Reflect  .   t - +2 helmet
rElec   .          Harm     .   c - +0 cloak
rCorr   .          Rampage  .   f - +0 pair of gloves
Will    .....                   (no boots)
Stlth   +++++.....              (no amulet)
HPRegen 0.15/turn               A - +4 ring of evasion
MPRegen 0.11/turn               j - +4 ring of protection

@: marked
A: small, no large weapons, nightstalker 3
a: Renounce Religion, Potion Petition, Call Merchant, Bribe Branch


You were on level 6 of the Dungeon.
You worshipped Gozag.
Gozag was aware of your devotion.
You visited 2 branches of the dungeon, and saw 8 of its levels.
You also visited: Sewer.

You collected 408 gold pieces.
You paid 116 gold pieces to Gozag.

Inventory:

Hand Weapons
 a - a +2 dagger (weapon)
Missiles
 d - 13 poisoned darts (quivered)
 e - 3 curare-tipped darts {!f}
Armour
 b - a +0 robe (worn)
 c - a +0 cloak (worn)
 f - a +0 pair of gloves (worn)
   (You found it on level 3 of the Dungeon)
 t - a +2 helmet (worn)
   (You found it on level 3 of the Dungeon)
 w - a +0 buckler (worn)
   (You found it on level 3 of the Dungeon)
Jewellery
 j - a +4 ring of protection (right hand)
   (You found it on level 1 of the Dungeon)
 A - a +4 ring of evasion (left hand)
   (You found it on level 4 of the Dungeon)
 D - a +4 ring of protection
   (You found it on level 4 of the Dungeon)
Wands
 u - a wand of paralysis (4)
   (You found it on level 3 of the Dungeon)
Scrolls
 g - a scroll of fog {unknown}
 h - 2 scrolls of enchant armour {unknown}
 i - 2 scrolls of torment {unknown}
 k - a scroll of silence {unknown}
 m - 2 scrolls of magic mapping {unknown}
 o - 2 scrolls of fear {unknown}
 s - 2 scrolls of vulnerability {unknown}
 v - a scroll of poison {unknown}
 y - 2 scrolls of teleportation {unknown}
 G - a scroll of amnesia {unknown}
 H - a scroll of immolation {unknown}
Potions
 l - 2 potions of attraction {unknown}
 n - 2 potions of degeneration {unknown}
 p - 2 potions of brilliance
 q - 2 potions of lignification {unknown}
 r - 3 potions of flight
 x - 7 potions of curing {@q1}
 z - a potion of resistance {unknown}
 B - 2 potions of mutation {!q}
 C - a potion of invisibility {unknown}
 E - a potion of heal wounds {unknown}
 F - a potion of haste {unknown}


   Skills:
 + Level 3.4 Fighting
 - Level 10.0 Short Blades
 - Level 2.1 Throwing
 + Level 2.1 Dodging
 + Level 9.5 Stealth
 * Level 1.5 Shields
 + Level 2.6 Evocations


You had 7 spell levels left.
You didn't know any spells.
Your spell library contained the following spells:

 Spells                   Type           Power      Damage    Failure   Level
 Sandblast                Erth           0%         2d4       45%         1
 Passwall                 Tmut/Erth      0%         N/A       58%         2
 Static Discharge         Conj/Air       0%         3-3/arc   58%         2
 Stone Arrow              Conj/Erth      0%         3d7       83%         3
 Dispel Undead            Necr           0%         3d6       99%         4
 Sticky Flame             Conj/Fire      0%         2d3       99%         4
 Lightning Bolt           Conj/Air       0%         1d11      100%        5
 Maxwell's Capacitive Co  Air            0%         ∞         100%        8


Dungeon Overview and Level Annotations

Branches:
Dungeon (7/15) Zot: 26972  Temple (1/1) D:6 Zot: 5978   Sewer (visited)

Altars:
Dithmenos
Elyvilon
Fedhas
Gozag
Hepliaklqana
Kikubaaqudgha
Makhleb
Okawaru
Qazlal
Vehumet
Xom
Yredelemnul
The Shining One

Shops:
D:1 ?   D:6 ?

Annotations:
D:4 Poofo's ghost, amateur MiFi
D:5 Eustachio
D:6 1 runed translucent door


Innate Abilities, Weirdness & Mutations

You are small and have problems with some larger weapons.
You are completely attuned to the shadows.


Message History

You hit the orc priest. You hit the orc priest. The orc misses you.
The orc priest completely misses you. The orc warrior closely misses you.
You barely miss the orc priest. You hit the orc priest. The orc misses you.
The orc priest barely misses you. The orc warrior misses you.
You hit the orc priest. You block the orc's attack.
The orc priest closely misses you. The orc warrior barely misses you.
You barely miss the orc priest. You hit the orc priest.
The orc closely misses you. The orc priest closely misses you.
The orc warrior hits you but does no damage.
You hit the orc priest.
You kill the orc priest!
Things that are here:
5 gold pieces; a +0 hand axe The orc attacks as you move away!
You block the orc's attack.
You hit the orc warrior but do no damage.
The orc hits you with a +0 falchion.
The orc warrior pulls the alarm!
The alarm trap emits a blaring wail!
A sentinel's mark forms upon you.
The orc warrior hits you with a +0 glaive.
Okay, then.
You block the orc's attack.
You barely miss the orc priest.
You hit the orc priest but do no damage.
You block the orc's attack.
The orc priest looks satisfied for a moment.
The orc warrior hits you but does no damage.
You hit the orc priest but do no damage.
The orc barely misses you.
The orc priest hits you with a +0 morningstar.
The orc warrior is distracted by your dazzling golden aura.
The orc warrior shouts!
You hit the orc priest.
You hit the orc priest but do no damage.
The orc closely misses you. You block the orc priest's attack.
You hit the orc priest.
You hit the orc priest but do no damage.
The orc warrior is no longer distracted by gold.
The orc barely misses you.
The orc priest calls down the wrath of Beogh upon you.
Beogh smites you!
* * * LOW HITPOINT WARNING * * *
You block the orc warrior's attack.
You hit the orc priest. You hit the orc priest. The orc misses you.
The orc priest closely misses you.
The orc warrior hits you from afar with a +0 glaive!
You die...
Your body crumbles into a pile of gold.

#..#
###.###.#..#.#....###.....
#..#####.###.#.##.######
###### #............#.##.#
##.#####.##..#.##.# #.#
##>#........# #.#
#...........# #.#
#...........#
#.####.##...#o#.######
#.....<.....#@#......#
#.#.......#.#o#o####.####
#.....)#.###oo#$#.[.....#
#.#.##..#####........)#.#
#.#.##.#......#.#..###..#####
#.#<##.............# #......#
#.#.##........###.[###......##
#.#o##........# #[#[......#..#
###.#...........#
#........###..


You could see 2 orc warriors, an orc priest and an orc.

Vanquished Creatures
  3 water moccasins
  An ice beast (D:6)
  A black bear (D:6)
  A centaur (D:5)
  An ogre (D:5)
  A phantom (D:5)
  A bullfrog (D:6)
  A scorpion (D:5)
  A howler monkey (D:5)
  2 orc priests (D:6)
  3 orc wizards (D:6)
  2 iguanas
  4 gnolls (D:4)
  6 adders
  3 river rats (D:4)
  A shadow imp (D:5)
  4 worms
  5 dart slugs
  9 orcs
  7 ball pythons
  3 bats
  6 endoplasms
  3 giant cockroaches
  8 goblins
  5 hobgoblins
  7 jackals
  2 quokkas
  2 frilled lizards
  6 kobolds
  2 rats
  A spectral hobgoblin (D:5)
102 creatures vanquished.

Vanquished Creatures (others)
  An orc wizard (D:6)
  34 plants
35 creatures vanquished.

Grand Total: 137 creatures vanquished

Notes
Turn   | Place    | Note
-------+----------+-------------------------------------------
     0 | D:1      | GeoRichter the Kobold Brigand began the quest for the Orb.
     0 | D:1      | Reached XP level 1. HP: 12/12 MP: 1/1
    50 | D:1      | You fall into a shaft and drop 1 floor!
   151 | D:1      | Found Nirag's Magic Scroll Emporium.
   464 | D:1      | Found a faded altar of an unknown god.
   510 | D:1      | Reached skill level 3 in Short Blades
   675 | D:1      | Reached XP level 2. HP: 17/17 MP: 2/2
  1257 | D:2      | Reached XP level 3. HP: 8/21 MP: 3/3
  1259 | D:2      | Reached skill level 4 in Short Blades
  2143 | D:3      | Reached XP level 4. HP: 24/26 MP: 4/4
  2422 | D:3      | Found a shimmering altar of Xom.
  2424 | D:3      | Found a stormy altar of Qazlal.
  2522 | D:3      | Found a white marble altar of Elyvilon.
  2649 | D:3      | Reached skill level 5 in Short Blades
  2932 | D:4      | Identified the +4 halberd "Giant's Toothpick" {elec, rN+
                  | Will+ Str+4}
  2984 | D:4      | Found a glowing drain.
  3018 | D:4      | Reached XP level 5. HP: 27/30 MP: 5/5
  3045 | Sewer    | Entered a sewer
  3106 | Sewer    | Noticed a water moccasin
  3126 | Sewer    | Killed a water moccasin
  3127 | Sewer    | Reached skill level 6 in Short Blades
  3127 | Sewer    | Reached XP level 6. HP: 15/35 MP: 6/6
  3608 | D:4      | Found a transporter.
  3645 | D:4      | Reached skill level 7 in Short Blades
  3653 | D:4      | Found a transporter.
  3656 | D:4      | Noticed Poofo's ghost (amateur MiFi)
  3952 | D:4      | Found an iron altar of Okawaru.
  4261 | D:5      | Entered Level 5 of the Dungeon
  4353 | D:5      | Noticed a water moccasin
  4357 | D:5      | Killed a water moccasin
  4358 | D:5      | Reached XP level 7. HP: 40/40 MP: 7/7
  4395 | D:5      | Found a hazy altar of Hepliaklqana.
  4489 | D:5      | Found a burning altar of Makhleb.
  4558 | D:5      | Reached skill level 8 in Short Blades
  5043 | D:5      | Reached skill level 9 in Short Blades
  5089 | D:5      | Noticed Eustachio
  5152 | D:5      | Reached XP level 8. HP: 43/44 MP: 8/8
  5205 | D:5      | Found a radiant altar of Vehumet.
  6123 | D:6      | Noticed a human
  6124 | D:6      | Found a runed translucent door.
  6129 | D:6      | Reached skill level 1 in Evocations
  6569 | D:6      | Found a staircase to the Ecumenical Temple.
  6579 | Temple   | Entered the Ecumenical Temple
  6590 | Temple   | Became a worshipper of Gozag Ym Sagoz the Greedy
  6673 | D:6      | Reached skill level 10 in Short Blades
  6701 | D:6      | Found Cedgha Huril's Magic Scroll Shop.
  6833 | D:6      | Found a glowing golden altar of the Shining One.
  7446 | D:6      | Found a basalt altar of Yredelemnul.
  7462 | D:6      | Reached skill level 1 in Shields
  7932 | D:6      | Slain by an orc warrior

Illustrated notes

Levels and vault maps discovered:
D:1:      dpeg_arrival_boxorama, layout_basic, serial_shops, shop,
          shapermc_ecumenical_altar_notcrosses
D:2:      layout_loops_ring
D:3:      layout_basic, elyvilon_altar_1, minitemple
D:4:      layout_rooms, general_overflow_altar, gammafunk_ghost_gnarly_gnolls,
          portal_sewer_entry_a, hex_large
D:5:      minmay_spotlight, layout_layer_cave,
          nicolae_hepliaklqana_monster_ancestors, overflow_temple_1_default,
          vehumet_crystals, serial_bayou, serial_bayou_pond_c,
          serial_bayou_shore_a, serial_bayou_lake_a, serial_bayou_pond_a,
          uniq_eustachio
D:6:      layout_loops_ring, dk_yredelemnul_ordeal, tso_oasis_becter,
          minmay_temple_entry_overgrown, serial_shops, nicolae_shop_crystal
D:7:      layout_cave_pods, lemuel_coloured_pillars_altar
Temple:   chequers_temple_sunken

Skill      XL: |  1  2  3  4  5  6  7  8 |
---------------+-------------------------+-----
Short Blades   | 3 4 5 6 7 9 10 | 10.0
Stealth        | 6 7 8 9 |  9.5
Evocations     | 2 |  2.6
Fighting       | 3 |  3.4
Dodging        | 2 |  2.1
Shields        | 1 |  1.5
Throwing       | |  2.1

Action                   |  1- 3 |  4- 6 |  7- 9 || total
-------------------------+-------+-------+-------++-------
Melee: Dagger            |    60 |   136 |   261 ||   457
       Punch             |     1 |       |       ||     1
Throw: Dart              |       |       |    10 ||    10
Evoke: Wand              |       |     5 |       ||     5
  Use: Scroll            |       |     2 |     4 ||     6
 Stab: Sleeping          |    14 |    20 |     8 ||    42
       Distracted        |     1 |       |     1 ||     2
       Paralysed         |       |     3 |       ||     3
Armor: Robe              |    10 |    26 |    35 ||    71
Dodge: Dodged            |    22 |    86 |   127 ||   235
Block: Buckler           |       |    28 |    35 ||    63
